 Dungeon Crawl Stone Soup version 0.13-a0-3076-g221303f (webtiles) character file.

2037 PolkaDot the Ruinous (level 8, -10/50 HPs)
             Began as a Vampire Wizard on Sept 17, 2013.
             Killed from afar by an electric eel (13 damage)
             ... with a bolt of electricity
             ... on Level 7 of the Dungeon.
             The game lasted 00:46:38 (7163 turns).

PolkaDot the Ruinous (Vampire Wizard)               Turns: 7163, Time: 00:46:38

HP -10/50        AC  0     Str  1      XL: 8   Next: 83%
MP  20/20        EV 20     Int 22      God:
Gold 234         SH  0     Dex 17      Spells:  5 memorised,  3 levels left

Res.Fire  : . . .   See Invis. : +   k - melded +4,+0 flail (protect) (curse)
Res.Cold  : + + .   Warding    : .   a - melded +0 robe
Life Prot.: + + +   Conserve   : .   (shield currently unavailable)
Res.Poison: +       Res.Corr.  : .   b - melded +1 wizard hat
Res.Elec. : .       Clarity    : .   (cloak currently unavailable)
Sust.Abil.: . .     Spirit.Shd : .   (gloves currently unavailable)
Res.Mut.  : .       Stasis     : .   (boots currently unavailable)
Res.Rott. : +       Flight     : +   (no amulet)
Saprovore : . . .                    (ring currently unavailable)
                                     p - melded cursed ring of hunger

@: bat-form, non-regenerating, flying, very quick, somewhat resistant to hostile
enchantments, quite stealthy
A: bottle blood, (fangs 0), see invisible, (unbreathing)
a: Bottle Blood, End Transformation


You were on level 7 of the Dungeon.
You were bloodless.
You were in vampire bat-form.
You visited 1 branch of the dungeon, and saw 7 of its levels.

You collected 214 gold pieces.

Inventory:

Hand weapons
 k - a cursed +4,+0 flail of protection (melded)
Armour
 a - a +0 robe (melded)
 b - a +1 wizard hat (melded)
Magical devices
 q - a wand of draining (3) {unknown}
 r - a wand of paralysis (11) {unknown}
Scrolls
 e - a scroll of fear
 f - a scroll of noise
 g - 3 scrolls of identify
 i - a scroll of remove curse {unknown}
 j - a scroll of enchant armour
 m - a scroll of immolation {unknown}
Jewellery
 p - a cursed ring of hunger (melded)
Potions
 n - a potion of flight
Books
 c - a book of Minor Magic

   Spells                             Type                      Level
   *Magic Dart                        Conjuration                  1
   Blink                              Translocation                2
   Call Imp                           Summoning                    2
   Repel Missiles                     Charms/Air                   2
   Slow                               Hexes                        2
   *Conjure Flame                     Conjuration/Fire             3
   *Mephitic Cloud                    Conjuration/Poison/Air       3
 h - a book of Frost

   Spells                             Type                      Level
   *Freeze                            Ice                          1
   Throw Frost                        Conjuration/Ice              2
   Ozocubu's Armour                   Charms/Ice                   3
   *Throw Icicle                      Conjuration/Ice              4
   Summon Ice Beast                   Ice/Summoning                4
   Condensation Shield                Ice                          4
 l - a book of Power

   Spells                             Type                      Level
   Iskenderun's Mystic Blast          Conjuration                  4
   Venom Bolt                         Conjuration/Poison           5
   Bolt of Magma                      Conjuration/Fire/Earth       5
   Fulminant Prism                    Conjuration/Hexes            5
   Iron Shot                          Conjuration/Earth            6
   Orb of Destruction                 Conjuration                  7


   Skills:
 - Level 2.1 Dodging
 - Level 3.0 Stealth
 - Level 4.0 Spellcasting
 + Level 6.1 Conjurations
   Level 1.0 Summonings
   Level 0.7 Translocations
 * Level 5.0 Ice Magic
 * Level 5.3 Air Magic


You had 3 spell levels left.
You knew the following spells:

 Your Spells              Type           Power        Failure   Level  Hunger
a - Magic Dart            Conj           ####         4%          1    None
d - Mephitic Cloud        Conj/Pois/Air  ###.....     24%         3    ###....
s - Conjure Flame         Conj/Fire      ###.....     28%         3    ###....
x - Throw Icicle          Conj/Ice       ####....     28%         4    ####...
z - Freeze                Ice            ####         6%          1    None


Dungeon Overview and Level Annotations

Branches:
Dungeon (7/27)
 Temple: D:4-7          Orc: D:6-11

Altars:

Shops:
D:4 [

Annotations:
D:6 Prince Ribbit


Innate Abilities, Weirdness & Mutations

You do not heal naturally.
You can bottle blood from corpses.
((You have razor-sharp teeth.))*
You have supernaturally acute eyesight.
((You can survive without breathing.))*
((You are surrounded by a mild repulsion field (EV +2).))+


Message History

Anything else - Stay silent.
You squeak for attention!
What do you say? t - Squeak!
Orders for allies: a - Attack new target. r - Retreat! s - Stop attacking. w - Wait here. f - Follow me.
Anything else - Stay silent.
You squeak for attention!
The electric eel shoots out a bolt of electricity!
The bolt of electricity misses you. The big fish closely misses you.
The electric eel shoots out a bolt of electricity!
The bolt of electricity hits you!
* * * LOW HITPOINT WARNING * * *
The bolt of electricity hits you!
* * * LOW HITPOINT WARNING * * *
The electric eel shoots out a bolt of electricity!
The bolt of electricity hits you!
You die...

########........).# #...........
###..........# #...........
##≈≈≈≈≈≈≈≈≈#### ###.########
##≈≈#≈#####≈≈# #....#####
##≈≈##≈#≈≈≈##≈≈# ####......
####≈≈##≈≈#≈#≈≈##≈≈# #######.
...#≈##≈≈##≈##;≈##≈## #.......
...#≈#≈≈##≈≈ ##;≈#≈.# #.......
...#≈#≈##≈≈# ##b#≈.# #.).....
...#≈#≈#≈≈# #≈#≈.# #.......
...#≈#≈##≈ ##≈#≈.# #.......
...#≈#≈≈## ##≈≈#≈.# #.......
...#≈##≈≈## ##≈≈##≈.######.......
....≈≈##≈≈###≈≈##≈≈.....##.@.....
...##≈≈##≈≈≈≈≈##≈≈..###......>...
...# #≈≈#######≈;..)# ####.......
...# #≈≈≈≈≈≈≈≈≈....# ######)#


You could see a big fish and an electric eel.

Vanquished Creatures
  Pikel (D:7)
  A giant goldfish (D:7)
  An ogre (D:4)
  2 slaves (D:7)
  Duvessa (D:7)
  2 giant frogs
  3 jellyfish (D:7)
  3 electric eels (D:7)
  Dowan (D:7)
  A hound (D:4)
  A crimson imp (D:6)
  An iguana (D:4)
  A gnoll shaman (D:7)
  A big fish (D:7)
  7 orc wizards
  4 worker ants
  Ijyb (D:3)
  Jessica (D:2)
  Terence (D:2)
  10 gnolls
  5 adders
  A giant mite (D:6)
  An inept feature mimic (D:4)
  A worm (D:6)
  An adder skeleton (D:6)
  A giant gecko (D:3)
  An ooze (D:2)
  24 orcs
  A ball python (D:3)
  10 bats
  A bat skeleton (D:4)
  8 hobgoblins
  6 jackals (D:2)
  2 quokkas
  A giant cockroach (D:3)
  3 giant newts
  A giant newt skeleton (D:4)
  7 goblins
  A hobgoblin zombie (D:6)
  12 kobolds
  10 rats
142 creatures vanquished.

Vanquished Creatures (others)
  2 slaves (D:7)
  An adder (D:3)
  A gnoll (D:3)
  A worm (D:3)
  An orc (D:3)
  A ball python (D:1)
  A hobgoblin (D:1)
  A goblin (D:3)
9 creatures vanquished.

Grand Total: 151 creatures vanquished

Notes
Turn   | Place    | Note
--------------------------------------------------------------
     0 | D:1      | PolkaDot, the Vampire Wizard, began the quest for the Orb.
     0 | D:1      | Reached XP level 1. HP: 11/11 MP: 6/6
   144 | D:1      | Reached skill level 1 in Conjurations
   391 | D:1      | Reached XP level 2. HP: 15/17 MP: 1/8
  1364 | D:2      | Noticed Terence
  1380 | D:2      | Killed Terence
  1380 | D:2      | Reached XP level 3. HP: 10/22 MP: 10/10
  1390 | D:2      | Learned a level 3 spell: Conjure Flame
  1394 | D:2      | Learned a level 3 spell: Mephitic Cloud
  2157 | D:2      | Reached XP level 4. HP: 28/28 MP: 6/12
  2334 | D:2      | Noticed Jessica
  2341 | D:2      | Killed Jessica
  3077 | D:3      | Reached XP level 5. HP: 14/33 MP: 1/13
  3376 | D:3      | Reached skill level 4 in Conjurations
  3533 | D:3      | Noticed Ijyb
  3575 | D:3      | Killed Ijyb
  4149 | D:4      | Reached XP level 6. HP: 27/39 MP: 0/15
  4363 | D:4      | Noticed an ogre
  4390 | D:4      | Killed an ogre
  4390 | D:4      | Reached skill level 5 in Conjurations
  4658 | D:4      | Found a staircase to the Ecumenical Temple.
  4665 | D:4      | the staircase to the Ecumenical Temple was a mimic.
  4704 | D:4      | Found Kemesiaqi's Armour Emporium.
  4866 | D:5      | Entered Level 5 of the Dungeon
  5003 | D:6      | Noticed Prince Ribbit
  5093 | D:6      | Reached XP level 7. HP: 41/44 MP: 12/18
  5323 | D:7      | Learned a level 1 spell: Freeze
  5328 | D:7      | Learned a level 4 spell: Throw Icicle
  5343 | D:7      | Reached skill level 1 in Air Magic
  5472 | D:7      | Reached skill level 1 in Ice Magic
  5619 | D:7      | Noticed Dowan
  5620 | D:7      | Noticed Duvessa
  5753 | D:7      | Noticed Pikel
  6045 | D:7      | Gained mutation: You are surrounded by a mild repulsion field (EV +2). [potion of beneficial mutation]
  6274 | D:7      | Killed Pikel
  6274 | D:7      | Reached XP level 8. HP: 21/50 MP: 6/20
  6418 | D:7      | Killed Duvessa
  6431 | D:7      | Killed Dowan
  6842 | D:7      | Reached skill level 6 in Conjurations
  6842 | D:7      | Reached skill level 5 in Air Magic
  7006 | D:7      | Reached skill level 5 in Ice Magic
  7163 | D:7      | Killed from afar by an electric eel

Action                   |  1- 3 |  4- 6 |  7- 9 || total
-------------------------+-------+-------+-------++-------
Melee: Whip              |    12 |       |       ||    12
       Flail             |       |    37 |    28 ||    65
       Unarmed           |       |       |     1 ||     1
 Cast: Magic Dart        |   110 |   189 |   106 ||   405
       Mephitic Cloud    |       |     8 |    10 ||    18
       Freeze            |       |       |    57 ||    57
 Abil: Bat Form          |       |       |     4 ||     4
       End Transformatio |       |       |     3 ||     3
  Use: Potion            |     3 |     4 |     1 ||     8
       Scroll            |       |    11 |     2 ||    13
 Stab: Sleeping          |     1 |     2 |     1 ||     4
       Confused          |       |     2 |       ||     2
